 Dungeon Crawl Stone Soup version 0.25-a0-834-g55863b0 (webtiles) character file.

Game seed: 9303856130413308186, levelgen mode: deterministic

9284 Faca the Archer (level 11, -2/101 HPs)
             Began as a Centaur Hunter on Apr 22, 2020.
             Was an Elder of Okawaru.
             Slain by a manticore (5 damage)
             ... on level 11 of the Dungeon.
             The game lasted 00:38:08 (23044 turns).

Faca the Archer (Centaur Hunter)                   Turns: 23044, Time: 00:38:09

Health: -2/101     AC: 11    Str: 19    XL:     11   Next: 21%
Magic:  9/11       EV:  7    Int: 10    God:    Okawaru [****..]
Gold:   720        SH:  4    Dex:  9    Spells: 10/10 levels left

rFire    . . .     SeeInvis .   a - +2 shortbow
rCold    . . .     Gourm    .   (shield currently unavailable)
rNeg     . . .     Faith    .   y - +0 chain mail
rPois    +         Spirit   .   (no helmet)
rElec    .         Reflect  +   k - +1 cloak {rPois}
rCorr    .         Harm     .   (no gloves)
MR       .....                  (no barding)
Stlth    ..........             x - +4 amulet of reflection
HPRegen  0.26/turn              (no ring)
MPRegen  0.12/turn              (no ring)

@: about to teleport, heroism, barbed spikes, very quick
A: large, hooves 3, deformed body, speed 2, tough skin 3
a: Heroism, Renounce Religion


You were on level 11 of the Dungeon.
You worshipped Okawaru.
Okawaru was greatly pleased with you.
You were hungry.

You visited 2 branches of the dungeon, and saw 12 of its levels.
You also visited: Sewer and Bailey.

You collected 750 gold pieces.
You spent 30 gold pieces at shops.

Inventory:

Hand Weapons
 a - a +2 shortbow (weapon)
 u - a +0 halberd
 C - a +0 trident
Missiles
 d - 138 arrows (quivered)
Armour
 k - a +1 cloak of poison resistance (worn)
 y - a +0 chain mail (worn)
Jewellery
 x - a +4 amulet of reflection (around neck)
Wands
 b - a wand of flame (16)
 m - a wand of acid (12)
 r - a wand of iceblast (3)
 v - a wand of disintegration (12)
 w - a wand of enslavement (8)
 E - a wand of scattershot (8)
Scrolls
 h - a scroll of magic mapping
 j - a scroll of enchant armour
 p - a scroll of enchant weapon
 s - 2 scrolls of teleportation
 t - 5 scrolls of fear
 A - 3 scrolls of identify
 G - a scroll of blinking
Potions
 c - 2 potions of cancellation
 e - a potion of berserk rage
 i - a potion of invisibility
 l - 2 potions of brilliance
 n - 3 potions of lignification
 o - 4 potions of mutation
 q - 2 potions of flight
 z - a potion of might
Comestibles
 f - 28 rations
 B - 4 chunks of flesh


   Skills:
 + Level 10.5(15.5) Fighting
 + Level 9.0(14.0) Polearms
 + Level 13.8(18.8) Bows
 - Level 1.3(6.3) Dodging
 - Level 0.4(5.4) Stealth


You had 10 spell levels left.
You didn't know any spells.
Your spell library contained the following spells:

 Spells                   Type           Power        Failure   Level  Hunger
 Animate Skeleton         Necr           N/A          98%         1    ##.....
 Apportation              Tloc           #.....       98%         1    ##.....
 Corona                   Hex            #......      98%         1    ##.....
 Summon Small Mammal      Summ           #...         98%         1    ##.....


Dungeon Overview and Level Annotations

Branches:
Dungeon (11/15)            Temple (1/1) D:5            Lair (0/6) D:10
    Orc (0/2) D:11          Sewer (visited)          Bailey (visited)

Altars:
Ashenzari
Cheibriados
Dithmenos
Elyvilon
Fedhas
Gozag
Hepliaklqana
Kikubaaqudgha
Makhleb
Nemelex Xobeh
Okawaru
Qazlal
Ru
Sif Muna
Trog
Uskayaw
Vehumet
Wu Jian
Xom
Yredelemnul
Zin
The Shining One

Shops:
D:4 }   D:6 !   D:11 (

Annotations:
D:3 2 transporters, gilstealer's ghost, amateur DEAE
D:9 exclusion: oklob plant


Innate Abilities, Weirdness & Mutations

You have hooves in place of feet.
Armour fits poorly on your strangely shaped body.
You cover ground very quickly.
You have extremely tough skin. (AC +3)


Message History

The barbed spikes become lodged in your body.
* * * LOW HITPOINT WARNING * * *
You feel better.
The orc warrior hits you from afar with a +0 halberd!
* * * LOW HITPOINT WARNING * * *
Okay, then.
Firing (i - inventory)
d - 140 arrows (quivered)
Press: ? - help, Shift-Dir - straight line, f/p - orc warrior
Aim: an orc warrior, wielding a +0 halberd and wearing a +0 plate armour (heavily wounded)
You shoot an arrow. The arrow hits the manticore.
The manticore is lightly wounded.
Firing (i - inventory)
d - 139 arrows (quivered)
Press: ? - help, Shift-Dir - straight line, f/p - orc warrior
Aim: an orc warrior, wielding a +0 halberd and wearing a +0 plate armour (heavily wounded)
You shoot an arrow. The arrow hits the manticore.
The manticore is lightly wounded.
The orc warrior hits you from afar with a +0 halberd!
* * * LOW HITPOINT WARNING * * *
The manticore bites you.
You die...

#################################
.................................
.......# #...#..................#
.......###...#..................#
.....................#..........#
................##...#..##.......
................##...............
..(......(...(oH@................
###o##.....#(####'##########.....
....[........ #>..# #.####
...o$J....... #...# #.#
...oc........ #...# #.####
...$.∩.>..... #...# #.....
#............ #...# #.....
#.......$.... #...# #.....
#.......... #...# #.....


You could see a manticore and an orc warrior.

Vanquished Creatures
  An orc knight (Bailey)
  An ugly thing (D:10)
  A manticore (D:11)
  A troll (D:11)
  A queen bee (D:8)
  4 hippogriffs
  Sigmund (D:6)
  A wyvern (D:9)
  A vampire (D:10)
  A wraith (D:10)
  Edmund (D:4)
  21 orc warriors
  2 black bears (D:7)
  An ice beast (D:6)
  An eye of draining (D:9)
  4 ogres
  6 centaurs
  2 big kobolds
  6 bullfrogs
  A scorpion (D:6)
  15 killer bees
  2 bullfrog zombies
  5 crimson imps
  A bullfrog skeleton (D:11)
  2 centaur zombies
  A hound (D:7)
  7 orc priests
  Crazy Yiuf (D:3)
  4 centaur skeletons
  6 iguanas
  10 orc wizards
  4 worker ants
  A hound skeleton (D:4)
  19 gnolls
  12 adders
  A howler monkey skeleton (D:5)
  2 shadow imps
  An ooze (D:3)
  An adder zombie (D:7)
  2 adder skeletons
  3 worms
  A dart slug (D:1)
  9 leopard geckos
  65 orcs
  7 giant cockroaches
  16 goblins
  6 hobgoblins
  28 jackals
  20 kobolds
  4 quokkas
  3 ball pythons
  7 bats
  7 frilled lizards
  A quokka skeleton (D:5)
  8 rats
340 creatures vanquished.

Vanquished Creatures (others)
  An ice beast (D:5)
  An adder (D:5)
  A fungus (D:9)
  A plant (D:9)
4 creatures vanquished.

Grand Total: 344 creatures vanquished

Notes
Turn   | Place    | Note
-------+----------+-------------------------------------------
     0 | D:1      | Faca the Centaur Hunter began the quest for the Orb.
     0 | D:1      | Reached XP level 1. HP: 17/17 MP: 1/1
   371 | D:1      | Reached XP level 2. HP: 24/25 MP: 2/2
   748 | D:2      | Reached skill level 6 in Bows
  1061 | D:2      | Reached XP level 3. HP: 30/30 MP: 3/3
  1741 | D:2      | Found a hide-covered altar of Uskayaw.
  1786 | D:2      | Reached XP level 4. HP: 22/38 MP: 4/4
  2229 | D:2      | Found an ornate altar of the Wu Jian Council.
  2231 | D:2      | Found a basalt altar of Yredelemnul.
  2231 | D:2      | Found a glowing silver altar of Zin.
  2233 | D:2      | Found a shimmering altar of Xom.
  2233 | D:2      | Found an ancient bone altar of Kikubaaqudgha.
  2233 | D:2      | Found a bloodstained altar of Trog.
  3079 | D:3      | Reached XP level 5. HP: 46/46 MP: 5/5
  3127 | D:3      | Reached skill level 7 in Bows
  3322 | D:3      | Found a transporter.
  3322 | D:3      | Noticed gilstealer's ghost (amateur DEAE)
  3362 | D:3      | Reached skill level 1 in Polearms
  3386 | D:3      | Found a transporter.
  3633 | D:3      | Found a runed translucent door.
  3634 | D:3      | Noticed Crazy Yiuf
  3645 | D:3      | Killed Crazy Yiuf
  4208 | D:4      | Reached XP level 6. HP: 23/53 MP: 6/6
  5096 | D:4      | Noticed Edmund
  5125 | D:4      | Killed Edmund
  5125 | D:4      | Reached skill level 8 in Bows
  5276 | D:4      | Reached skill level 5 in Fighting
  5505 | D:4      | Reached XP level 7. HP: 60/61 MP: 7/7
  5848 | D:4      | Found Zefafisk's Gadget Shoppe.
  6358 | D:5      | Entered Level 5 of the Dungeon
  6528 | D:5      | Reached skill level 9 in Bows
  6940 | D:5      | Reached XP level 8. HP: 41/70 MP: 8/8
  7736 | D:5      | Found a staircase to the Ecumenical Temple.
  7743 | Temple   | Entered the Ecumenical Temple
  7755 | Temple   | Became a worshipper of Warmaster Okawaru
  8309 | D:6      | Found a glowing drain.
  8331 | Sewer    | Entered a sewer
  9067 | D:6      | Noticed Sigmund
  9080 | D:6      | Killed Sigmund
  9080 | D:6      | Reached skill level 10 in Bows
  9305 | D:6      | Found Qeplotam's Distillery.
  9332 | D:6      | Reached skill level 5 in Polearms
  9334 | D:6      | Bought 2 potions of degeneration for 30 gold pieces
  9593 | D:6      | Found a hazy altar of Hepliaklqana.
  9600 | D:6      | Found a glowing silver altar of Zin.
  9600 | D:6      | Found a snail-covered altar of Cheibriados.
  9603 | D:6      | Found a shattered altar of Ashenzari.
  9752 | D:6      | Found a basalt altar of Yredelemnul.
  9845 | D:7      | HP: 1/71 [ice beast (7)]
  9866 | D:6      | Reached * piety under Okawaru
 10510 | D:6      | Reached XP level 9. HP: 18/79 MP: 9/9
 11219 | D:7      | Found a stormy altar of Qazlal.
 11240 | D:7      | Reached skill level 11 in Bows
 12460 | D:7      | Reached ** piety under Okawaru
 12807 | D:8      | Found a shimmering blue altar of Sif Muna.
 13971 | D:9      | Got a polished lajatang
 13982 | D:9      | Identified the cursed +2 lajatang of Eternal Vigilance
                  | {vorpal, rElec rC+} (You found it on level 9 of the
                  | Dungeon)
 15245 | D:9      | Reached skill level 12 in Bows
 15331 | D:9      | Noticed a queen bee
 15348 | D:8      | Reached XP level 10. HP: 49/90 MP: 10/10
 16574 | D:8      | HP: 3/91 [killer bee (6)]
 17326 | D:9      | Found an opulent altar of Gozag.
 17326 | D:9      | Noticed a deep elf mage
 17622 | D:9      | Reached *** piety under Okawaru
 18131 | D:9      | Found a blossoming altar of Fedhas.
 18204 | D:9      | Noticed an oklob plant
 18269 | D:10     | Entered Level 10 of the Dungeon
 18276 | D:10     | Found a staircase to the Lair.
 18653 | D:10     | Found a flagged portal.
 18708 | Bailey   | Entered a bailey
 19913 | Bailey   | Reached skill level 13 in Bows
 20599 | Bailey   | Reached **** piety under Okawaru
 20629 | Bailey   | Noticed an orc knight
 20641 | Bailey   | Reached skill level 10 in Fighting
 20744 | Bailey   | Killed an orc knight
 21151 | D:10     | Reached XP level 11. HP: 59/100 MP: 11/11
 21677 | D:11     | Received a gift from Okawaru
 21730 | D:11     | Noticed a white ugly thing
 21799 | D:10     | Killed a white ugly thing
 21996 | D:11     | Found Qimauss's Weapon Shop.
 21996 | D:11     | Found a staircase to the Orcish Mines.
 23044 | D:11     | HP: 3/101 [orc warrior/+0 halberd (10)]
 23044 | D:11     | Slain by a manticore

Levels and vault maps discovered:
D:1:      lemuel_arrival_broad_hall, layout_basic
D:2:      layout_loops_ring, eat_drink_and_be_merry_uskayaw, doesnt_xom_only_xom
D:3:      layout_basic, gammafunk_ghost_mausoleum, first_ration,
          uniq_crazy_yiuf_cottage
D:4:      layout_gridville, serial_shops, nicolae_shop_stone, uniq_edmund
D:5:      kennysheep_spiral_hall, layout_basic, minmay_temple_entry_butterflies,
          lemuel_old_faithful
D:6:      layout_basic, kennysheep_mini_moat, grunt_temple_overflow_open,
          serial_shops, shop, portal_sewer_entry_f, uniq_sigmund
D:7:      layout_loops_ring, nicolae_qazlal_eye_of_the_storm
D:8:      layout_basic, kennysheep_little_box
D:9:      layout_rooms, tgw_fedhas, david_nohive_1, david_defended_altar_elf
D:10:     layout_basic, lair_entry_dummy, enter_bailey_3,
          hangedman_decor_clover_reticule
D:11:     layout_stronghold, orc_david_3
Temple:   nicolae_temple_hex_pool

Skill      XL: |  1  2  3  4  5  6  7  8  9 10 11 |
---------------+----------------------------------+-----
Bows           | 6 7 8 9 10 12 13 | 13.8
Fighting       | 3 4 5 6 7 8 10 | 10.5
Polearms       | 1 2 4 5 7 8 9 |  9.0
Dodging        | |  1.3
Stealth        | |  0.4

Action                   |  1- 3 |  4- 6 |  7- 9 | 10-12 || total
-------------------------+-------+-------+-------+-------++-------
Melee: Short sword       |   123 |    15 |       |       ||   138
       Kick              |    26 |    57 |   152 |    59 ||   294
       Spear             |       |   238 |   428 |       ||   666
       Halberd           |       |       |   150 |       ||   150
       Trident           |       |       |   129 |   369 ||   498
       Lajatang          |       |       |    49 |       ||    49
 Fire: Shortbow          |     2 |    17 |    73 |   202 ||   294
Invok: Heroism           |       |       |       |     5 ||     5
Evoke: Wand              |       |       |     3 |    13 ||    16
  Use: Scroll            |       |     6 |    14 |     6 ||    26
       Potion            |       |       |       |    15 ||    15
  Eat: Chunk             |     2 |    11 |    28 |    12 ||    53
       Ration            |       |       |       |     3 ||     3
Armor: Leather armour    |     5 |       |       |       ||     5
       Ring mail         |    30 |     9 |       |       ||    39
       Scale mail        |       |    78 |   282 |       ||   360
       Chain mail        |       |       |   154 |   249 ||   403
Dodge: Dodged            |    47 |    90 |   284 |   130 ||   551
Block: Other             |       |       |       |    38 ||    38
       Reflection        |       |       |       |     6 ||     6

Table legend:
 A = Non-vault XP
 B = Vault XP
 C = Vault XP percentage of total XP
 D = Non-vault monster count
 E = Vault monster count
 F = Vault count percentage of total count
                 A         B        C        D         E       F
            +---------+---------+-------+---------+---------+-------
      Total |    8760 |    4504 |  34.0 |     260 |      80 |  23.5
            +---------+---------+-------+---------+---------+-------
        D:1 |      24 |       0 |   0.0 |      12 |       0 |   0.0
        D:2 |     149 |       0 |   0.0 |      33 |       0 |   0.0
        D:3 |     169 |      40 |  19.1 |      30 |       1 |   3.2
        D:4 |     507 |     153 |  23.2 |      24 |       1 |   4.0
        D:5 |     725 |      52 |   6.7 |      30 |       2 |   6.2
        D:6 |     537 |     249 |  31.7 |      17 |       6 |  26.1
        D:7 |    1168 |       0 |   0.0 |      26 |       0 |   0.0
        D:8 |     565 |     941 |  62.5 |      27 |      11 |  28.9
        D:9 |    1540 |     305 |  16.5 |      24 |       5 |  17.2
       D:10 |    1899 |       8 |   0.4 |      18 |       4 |  18.2
       D:11 |    1477 |     133 |   8.3 |      19 |       4 |  17.4
      Sewer |       0 |      71 | 100.0 |       0 |      20 | 100.0
     Bailey |       0 |    2552 | 100.0 |       0 |      26 | 100.0
            +---------+---------+-------+---------+---------+-------
